 Dungeon Sprint DCSS version 0.29.1-2-gbd0b4ee654 (webtiles) character file.

Game seed: 3096326094204848141

814 boopmooplesden the Cleaver (level 7, -1/77 HPs)
             Began as a Minotaur Berserker on Nov 30, 2022.
             Was a Believer of Trog.
             Slain by a sun demon (11 damage)
             ... summoned by a kobold demonologist
             ... in the Dungeon (Sprint I: "Red Sonja").
             The game lasted 00:00:49 (769 turns).

boopmooplesden the Cleaver (Minotaur Berserker)      Turns: 769, Time: 00:00:50

Health: -1/77      AC:  2    Str: 24    XL:     7   Next: 62%
Magic:  6/6        EV: 13    Int:  4    God:    Trog [**....]
Gold:   270        SH:  0    Dex:  9    Spells: 6/6 levels left

rFire   . . .      SeeInvis .   a - +0 hand axe
rCold   . . .      Faith    .   (no shield)
rNeg    . . .      Spirit   .   b - +0 animal skin
rPois   .          Reflect  .   (helmet restricted)
rElec   .          Harm     .   (no cloak)
rCorr   .          Rampage  .   (no gloves)
Will    .....      NoTele   +   (no boots)
Stlth   +.........              (no amulet)
HPRegen 0.22/turn               (no ring)
MPRegen 0.10/turn               (no ring)

@: on berserk cooldown, slowed, very slow
A: horns 2, retaliatory headbutt
a: Renounce Religion, Berserk, Trog's Hand


You were in the Dungeon.
You worshipped Trog.
Trog was pleased with you.
You visited 1 branch You collected 270 gold pieces.

Inventory:

Hand Weapons
 a - a +0 hand axe (weapon)
Armour
 b - a +0 animal skin (worn)
 j - a +0 leather armour
Wands
 i - a wand of paralysis (11)
Scrolls
 h - a scroll of blinking
Potions
 c - a potion of curing
 e - a potion of haste
 f - 2 potions of magic
 g - a potion of berserk rage


   Skills:
 + Level 12.2 Fighting
 + Level 13.2 Axes
 + Level 6.9 Armour
 + Level 6.9 Dodging
 + Level 1.1 Stealth
 + Level 1.4 Evocations


You had 6 spell levels left.
You didn't know any spells.
Your spell library was empty.

Dungeon Overview and Level Annotations

Branches:
Dungeon (1/1)

Altars:
Makhleb
Xom
Jiyva
Lugonu


Innate Abilities, Weirdness & Mutations

You have a pair of horns on your head.
You reflexively headbutt those who attack you in melee.


Message History

You slash the kobold demonologist! The sun demon closely misses you.
The iron imp summons a swarm of flies.
The iron imp closely misses you.
The kobold demonologist hits you with a +0 dagger.
The kobold demonologist closely misses you.
You furiously retaliate!
You headbutt the kobold demonologist.
You hit the kobold demonologist but do no damage.
You headbutt the kobold demonologist.
You kill the kobold demonologist!
Trog accepts your kill.
Trog appreciates your killing of a magic user.
The white imp disappears in a puff of smoke!
The iron imp disappears in a puff of smoke!
The shadow imp disappears in a puff of smoke!
You closely miss the sun demon.
You closely miss the kobold demonologist.
The sun demon barely misses you. The kobold demonologist misses you.
The sun demon hits you.
You are engulfed in flames!!
* * * LOW HITPOINT WARNING * * *
Your Fighting skill increases to level 12!
Your Axes skill increases to level 13!
Your Stealth skill increases to level 1!
Unknown command.
You feel much better. The sun demon hits you.
You are engulfed in flames!
The kobold demonologist hits you with a +0 dagger.
The sun demon hits you but does no damage.
You hit the kobold demonologist but do no damage.
You headbutt the kobold demonologist!
The kobold demonologist is almost dead.
You closely miss the sun demon.
The kobold demonologist hits you with a +0 dagger.
The sun demon completely misses you.
You hit the kobold demonologist.
The kobold demonologist is almost dead.
You hit the sun demon but do no damage.
The kobold demonologist gestures wildly while chanting.
The sun demon hits you!
* * * LOW HITPOINT WARNING * * *
You are engulfed in flames!
You die...

####################
)..#..'..#__#..'@3.#
#..').#..'..'..#)K.#
##'#####+#__####.5.+
#..# #### ##### ####


You could see a sun demon (summoned), a kobold demonologist and a crimson imp
(summoned).

Vanquished Creatures
  A kobold demonologist (D)
  A slime creature (D)
  Sigmund (D)
  A floating eye (D)
  An ogre (D)
  Ijyb (D)
6 creatures vanquished.

Notes
Turn   | Place    | Note
-------+----------+-------------------------------------------
     0 | D        | boopmooplesden the Minotaur Berserker began the quest for
                  | the Orb.
     0 | D        | Reached XP level 1. HP: 19/19 MP: 0/0
     1 | D        | Noticed Ijyb
     6 | D        | Killed Ijyb
     7 | D        | Reached skill level 5 in Fighting
     7 | D        | Reached skill level 5 in Axes
     7 | D        | Reached XP level 2. HP: 29/29 MP: 1/1
    61 | D        | Noticed an ogre
    67 | D        | Killed an ogre
    68 | D        | Reached skill level 7 in Axes
    68 | D        | Reached XP level 3. HP: 21/39 MP: 2/2
    68 | D        | Reached XP level 4. HP: 26/47 MP: 3/3
   350 | D        | Noticed Sigmund
   355 | D        | Killed Sigmund
   355 | D        | Reached ** piety under Trog
   356 | D        | Reached skill level 10 in Axes
   356 | D        | Reached skill level 5 in Armour
   356 | D        | Reached skill level 5 in Dodging
   356 | D        | Reached XP level 5. HP: 57/57 MP: 4/4
   356 | D        | Reached XP level 6. HP: 64/64 MP: 5/5
   507 | D        | Found a burning altar of Makhleb.
   507 | D        | Found a viscous altar of Jiyva.
   507 | D        | Found a shimmering altar of Xom.
   507 | D        | Found a corrupted altar of Lugonu.
   507 | D        | Noticed a slime creature
   514 | D        | Killed a slime creature
   515 | D        | Reached skill level 10 in Fighting
   515 | D        | Reached skill level 11 in Axes
   515 | D        | Reached skill level 1 in Evocations
   753 | D        | Noticed a kobold demonologist
   753 | D        | Noticed a floating eye
   754 | D        | Noticed a kobold demonologist
   758 | D        | Killed a floating eye
   759 | D        | Reached skill level 12 in Axes
   759 | D        | Reached XP level 7. HP: 74/74 MP: 6/6
   761 | D        | Noticed a sun demon
   766 | D        | Killed a kobold demonologist
   767 | D        | Reached skill level 13 in Axes
   767 | D        | Reached skill level 1 in Stealth
   769 | D        | Slain by a sun demon

Illustrated notes

Levels and vault maps discovered:
D:        dungeon_sprint_1 [red_sonja_temple_1, red_sonja_temple_small_1]

Skill      XL: |  1  2  3  4  5  6  7 |
---------------+----------------------+-----
Fighting       | 5 7 9 11 12 | 12.2
Axes           | 5 7 10 12 13 | 13.2
Armour         | 3 4 5 6 |  6.9
Dodging        | 3 4 5 6 |  6.9
Evocations     | 1 |  1.4
Stealth        | 1 |  1.1

Action                   |  1- 3 |  4- 6 |  7- 9 || total
-------------------------+-------+-------+-------++-------
Melee: Hand axe          |     7 |    10 |    10 ||    27
       Headbutt          |     1 |     2 |     3 ||     6
Invok: Berserk           |     2 |     3 |       ||     5
Evoke: Wand              |     2 |       |       ||     2
  Use: Potion            |       |       |     1 ||     1
Armor: Animal skin       |       |       |     1 ||     1
Dodge: Dodged            |       |     6 |     9 ||    15
